 Dungeon Crawl Stone Soup version 0.27-a0-1219-g958d993ae5 (webtiles) character file.

Game seed: 3041381244515901269

2786 deletemesenpai the Cleaver (level 9, -4/74 HPs)
             Began as a Hill Orc Fighter on June 6, 2021.
             Was a Believer of Beogh.
             Slain by Joseph
             ... wielding a +2 vorpal quarterstaff
              (17 damage)
             ... on level 7 of the Dungeon.
             The game lasted 00:44:39 (6294 turns).

deletemesenpai the Cleaver (Hill Orc Fighter)       Turns: 6294, Time: 00:44:40

Health: -4/74      AC: 15    Str: 21    XL:     9   Next: 70%
Magic:  10/10      EV:  9    Int:  8    God:    Beogh [**....]
Gold:   285        SH: 11    Dex: 11    Spells: 8/8 levels left

rFire    . . .     SeeInvis .   a - +0 war axe {HURGH}
rCold    . . .     Faith    +   c - +0 kite shield {GREK}
rNeg     . . .     Spirit   .   B - +0 plate armour
rPois    .         Reflect  .   l - +2 hat
rElec    .         Harm     .   (no cloak)
rCorr    .         Rampage  .   (no gloves)
Will     .....                  f - +0 pair of boots
Stlth    ..........             H - amulet of faith
HPRegen  0.22/turn              C - +4 ring of evasion
MPRegen  0.12/turn              (no ring)

@: studying Shields
A: no striking features
a: Renounce Religion, Smiting


You were on level 7 of the Dungeon.
You worshipped Beogh.
Beogh was pleased with you.
You visited 2 branches of the dungeon, and saw 9 of its levels.
You also visited: Sewer.

You collected 285 gold pieces.

Inventory:

Hand Weapons
 a - a +0 war axe (weapon) {HURGH}
 i - a +0 hunting sling
 t - a +0 hand axe
 x - a +2 dagger of draining
 z - a +0 dagger of speed
 E - a +2 flail of protection
 J - a +5 battleaxe
 K - a +0 whip of electrocution
Missiles
 b - 34 sling bullets
 j - 160 stones (quivered)
 m - 31 bolts
 r - 9 curare-tipped darts
 y - 29 arrows
Armour
 c - a +0 kite shield (worn) {GREK}
 f - a +0 pair of boots (worn)
 l - a +2 hat (worn)
 B - a +0 plate armour (worn)
 D - a +2 robe of positive energy
Jewellery
 d - a ring of fire
 n - an amulet of guardian spirit
 C - a +4 ring of evasion (left hand)
 H - an amulet of faith (around neck)
Wands
 F - a wand of paralysis (11)
 G - a wand of digging (4)
Scrolls
 g - 3 scrolls of identify {unknown}
 o - a scroll of teleportation {unknown}
 q - a scroll of silence {unknown}
 s - 2 scrolls of amnesia {unknown}
 w - a scroll of acquirement {unknown}
 A - a scroll of fog {unknown}
 I - a scroll of enchant armour {unknown}
 L - a scroll of brand weapon {unknown}
Potions
 e - 3 potions of lignification {unknown}
 h - a potion of brilliance {unknown}
 k - a potion of attraction {unknown}
 p - a potion of degeneration {unknown}
 u - 2 potions of heal wounds {unknown}
 v - 4 potions of flight {unknown}


   Skills:
 - Level 5.1 Fighting
 * Level 12.8 Axes
 - Level 5.5 Armour
 - Level 0.7 Dodging
 - Level 0.4 Stealth
 * Level 9.6 Shields
 * Level 2.3 Invocations


You had 8 spell levels left.
You didn't know any spells.
Your spell library contained the following spells:

 Spells                   Type           Power      Damage    Failure   Level
 Magic Dart               Conj           0%         1d3       100%        1
 Poisonous Vapours        Pois/Air       0%         N/A       100%        2
 Searing Ray              Conj           0%         3d3       100%        2
 Confusing Touch          Hex            0%         N/A       100%        3
 Conjure Flame            Conj/Fire      0%         6-21      100%        3
 Dazzling Flash           Conj/Hex       0%         N/A       100%        3
 Gell's Gravitas          Tloc           0%         N/A       100%        3
 Mephitic Cloud           Conj/Pois/Air  0%         N/A       100%        3
 Fulminant Prism          Conj/Hex       0%         3d6       100%        4
 Iskenderun's Mystic Bla  Conj/Tloc      0%         2d3       100%        4
 Petrify                  Tmut/Erth      0%         N/A       100%        4
 Metabolic Englaciation   Hex/Ice        0%         N/A       100%        5
 Yara's Violent Unravell  Hex/Tmut       0%         3d3       100%        5
 Freezing Cloud           Conj/Ice/Air   0%         6-21      100%        6


Dungeon Overview and Level Annotations

Branches:
Dungeon (8/15)             Temple (1/1) D:4           Sewer (visited)
   Lair: D:8-11

Altars:
Ashenzari
Cheibriados
Fedhas
Gozag
Nemelex Xobeh
Okawaru
Qazlal
Ru
Sif Muna
Trog
Vehumet
Wu Jian
Xom
Yredelemnul
The Shining One

Shops:
D:2 ?

Annotations:
D:3 2 transporters, indyram44's ghost, amateur DsFi
D:7 4 runed translucent doors, Joseph


Message History

You climb upwards.
Level annotation: 4 runed translucent doors
There is a stone staircase leading down here.
You barely miss Joseph.
Joseph is lightly wounded.
You barely miss Joseph.
Joseph is lightly wounded.
Joseph closely misses you.
You barely miss Joseph.
Joseph is lightly wounded.
Joseph hits you but does no damage.
You closely miss Joseph.
Joseph is lightly wounded.
You block Joseph's attack.
You slash Joseph!
Joseph is moderately wounded.
You block Joseph's attack.
Your plate armour prevents you from hitting Joseph.
Joseph is moderately wounded.
Joseph closely misses you.
You closely miss Joseph.
Joseph is moderately wounded.
You block Joseph's attack.
You slash Joseph!
Joseph is moderately wounded.
Joseph hits you with a +2 vorpal quarterstaff!
You closely miss Joseph.
Joseph is moderately wounded.
You block Joseph's attack.
You barely miss Joseph.
Joseph is moderately wounded.
Joseph hits you with a +2 vorpal quarterstaff!
* * * LOW HITPOINT WARNING * * *
x2 You hit Joseph but do no damage.
Joseph is moderately wounded.
You block Joseph's attack.
You barely miss Joseph.
Joseph is moderately wounded.
Joseph hits you with a +2 vorpal quarterstaff!
You die...

########.# #.#
########.# #.#
.....)...# #.#
#######.## #.#
###.########†#
#............#
#.#..........#
#.#.########@#
#####.#.# #@#
......#.# #.#
#######.# #.#
####....# #>#
...[# ... #.#
##.## ..#. #.#
#.## ... #.#
##.###.. #.#
#..#.# #.#


You could see Joseph.

Vanquished Creatures
  Eustachio (D:5)
  Sigmund (D:2)
  A wyvern (D:5)
  Edmund (D:5)
  2 water moccasins
  Duvessa (D:5)
  2 orc warriors
  A sky beast (D:7)
  A black bear (D:5)
  4 ogres
  A centaur (D:7)
  A kobold brigand (Sewer)
  A bullfrog (D:7)
  Dowan (D:5)
  3 scorpions
  A water moccasin skeleton (D:5)
  A wyvern skeleton (D:7)
  3 wights (D:7)
  A howler monkey (D:7)
  2 hounds (D:4)
  A jelly (D:6)
  3 orc priests
  An iguana (D:5)
  Ijyb (D:5)
  4 orc wizards
  A killer bee zombie (D:6)
  A hound zombie (D:4)
  4 adders
  2 river rats (Sewer)
  12 orcs
  A bat (D:2)
  10 endoplasms
  10 giant cockroaches
  3 hobgoblins
  9 jackals
  3 quokkas
  7 ball pythons
  2 frilled lizards
  4 goblins
  7 kobolds
  10 rats
126 creatures vanquished.

Vanquished Creatures (others)
  An adder (D:3)
  A goblin (D:3)
2 creatures vanquished.

Grand Total: 128 creatures vanquished

Notes
Turn   | Place    | Note
-------+----------+-------------------------------------------
     0 | D:1      | deletemesenpai the Hill Orc Fighter began the quest for the
                  | Orb.
     0 | D:1      | Reached XP level 1. HP: 19/19 MP: 1/1
     2 | D:1      | Found a runed translucent door.
    28 | D:1      | Reached XP level 2. HP: 13/27 MP: 2/2
   358 | D:1      | Reached skill level 3 in Axes
   358 | D:1      | Reached XP level 3. HP: 33/33 MP: 3/3
   451 | D:2      | Found Leeblan's Magic Scroll Shop.
   556 | D:2      | Noticed Sigmund
   566 | D:2      | Killed Sigmund
   567 | D:2      | Reached skill level 5 in Axes
   567 | D:2      | Reached XP level 4. HP: 18/41 MP: 4/4
   567 | D:2      | Reached XP level 5. HP: 20/47 MP: 5/5
   770 | D:3      | Became a worshipper of Beogh the Brigand
   786 | D:3      | Reached skill level 6 in Axes
   788 | D:3      | Reached XP level 6. HP: 31/53 MP: 6/6
   974 | D:3      | Noticed indyram44's ghost (amateur DsFi)
   975 | D:3      | Found a transporter.
   988 | D:3      | Found a transporter.
  1167 | D:3      | Found a glowing drain.
  1208 | Sewer    | Entered a sewer
  1429 | Sewer    | Found a white marble altar of Elyvilon.
  1611 | D:4      | Found a staircase to the Ecumenical Temple.
  1860 | D:4      | Reached skill level 7 in Axes
  1866 | D:4      | Reached * piety under Beogh
  1878 | D:4      | Reached XP level 7. HP: 40/60 MP: 7/7
  2023 | Temple   | Entered the Ecumenical Temple
  2439 | D:4      | Reached skill level 5 in Fighting
  2671 | D:5      | Entered Level 5 of the Dungeon
  2709 | D:5      | Found a blossoming altar of Fedhas.
  2723 | D:5      | Reached skill level 5 in Armour
  3039 | D:4      | Found a basalt altar of Yredelemnul.
  3039 | D:4      | Found a sparkling altar of Nemelex Xobeh.
  3278 | D:4      | Reached skill level 8 in Axes
  3424 | D:5      | Noticed a wyvern
  3436 | D:5      | Killed a wyvern
  3437 | D:5      | Reached skill level 5 in Shields
  3437 | D:5      | Reached XP level 8. HP: 47/68 MP: 5/8
  3443 | D:5      | Noticed Edmund
  3461 | D:5      | Killed Edmund
  3462 | D:5      | Reached skill level 9 in Axes
  3774 | D:5      | Noticed Dowan
  3774 | D:5      | Noticed Duvessa
  3796 | D:5      | Killed Duvessa
  3798 | D:5      | Killed Dowan
  3935 | D:5      | Noticed Eustachio
  3942 | D:5      | Reached skill level 10 in Axes
  3953 | D:5      | Killed Eustachio
  4291 | D:5      | Noticed Ijyb
  4425 | D:5      | Killed Ijyb
  4698 | D:6      | Reached skill level 11 in Axes
  4700 | D:6      | Reached XP level 9. HP: 42/74 MP: 9/9
  4898 | D:6      | Reached ** piety under Beogh
  5216 | D:7      | HP: 2/74 [centaur/arrow (13)]
  5559 | D:7      | Reached skill level 1 in Invocations
  5573 | D:7      | Found a glowing golden altar of the Shining One.
  5611 | D:7      | Noticed a polar bear
  5615 | D:7      | Noticed a polar bear
  5616 | D:7      | Noticed a polar bear
  5619 | D:7      | Reached skill level 12 in Axes
  5619 | D:7      | Found a huge runed translucent gate.
  5620 | D:7      | Found a huge runed translucent gate.
  5620 | D:7      | Noticed a polar bear
  5620 | D:7      | Noticed a polar bear
  5620 | D:7      | Noticed a manticore
  5621 | D:7      | Found a huge runed translucent gate.
  5621 | D:7      | Noticed a polar bear
  5621 | D:7      | Noticed a polar bear
  5622 | D:7      | Found a huge runed translucent gate.
  5756 | D:6      | HP: 3/72 [poisoned by a scorpion]
  6278 | D:8      | Noticed Joseph
  6294 | D:7      | Slain by Joseph

Illustrated notes

Levels and vault maps discovered:
D:1:      dpeg_arrival_caged_fury, layout_basic, serial_shops, shop_fountains,
          shapermc_ecumenical_altar_totnotflames, grunt_decor_junction,
          eino_curves_01
D:2:      layout_loops_cross, basic_altar, serial_shops, nicolae_shop_trees,
          nrook_campfire, serial_bayou_pond_b, uniq_sigmund, uniq_natasha
D:3:      layout_loops_ring, gammafunk_ghost_mausoleum, portal_sewer_entry_c
D:4:      layout_basic, gammafunk_temple_overflow_statue,
          minmay_temple_entry_grid, minmay_manual_monolith
D:5:      layout_loops_corners, old_standard_altar, uniq_ijyb,
          uniq_blork_the_orc, uniq_eustachio, uniq_edmund, uniq_duvessa
D:6:      layout_basic, kennysheep_another_room
D:7:      lemuel_bear_cage, layout_loops_ring, zin_statuary, old_standard_altar,
          minmay_fractal_squares_5
D:8:      layout_basic, overflow_temple_1_default,
          chequers_serial_rivers_room_a, minmay_misc_feat_room,
          interstate_on_off, kennysheep_opposing_triangles, uniq_joseph,
          uniq_psyche
Temple:   eino_temple_rhombus

Skill      XL: |  1  2  3  4  5  6  7  8  9 |
---------------+----------------------------+-----
Fighting       | 4 5 |  5.1
Axes           | 3 5 6 7 8 11 12 | 12.8
Armour         | 4 5 |  5.5
Shields        | 4 5 8 9 |  9.6
Invocations    | 2 |  2.3
Dodging        | |  0.7
Stealth        | |  0.4

Action                   |  1- 3 |  4- 6 |  7- 9 || total
-------------------------+-------+-------+-------++-------
Melee: War axe           |    67 |   120 |   362 ||   549
Invok: Convert to Beogh  |       |     1 |       ||     1
       Smiting           |       |       |     1 ||     1
Evoke: Wand              |       |       |     1 ||     1
  Use: Potion            |     1 |       |       ||     1
Armor: Scale mail        |    23 |     8 |       ||    31
       Chain mail        |       |    83 |    16 ||    99
       Plate armour      |       |       |   153 ||   153
       Skin              |       |       |     8 ||     8
Dodge: Dodged            |    25 |    28 |    93 ||   146
Block: Kite shield       |    28 |    72 |   206 ||   306

Table legend: (Time is in decaauts)
 A = Elapsed time spent in this place.
 B = Non-inter-level travel time spent in this place.
 C = Inter-level travel time spent in this place.
 D = Time resting spent in this place.
 E = Time spent auto-exploring this place.
 F = Levels seen in this place.
 G = Mean time per level.
                   A        B        C        D        E       F      G
               +--------+--------+--------+--------+--------+-----+--------+
         Total |   6477 |   6477 |      0 |   2754 |      0 |  10 |  647.7 |
       Dungeon |   6119 |   6119 |      0 |   2630 |      0 |   8 |  764.9 |
        Temple |     44 |     44 |      0 |      0 |      0 |   1 |   44.0 |
         Sewer |    312 |    312 |      0 |    124 |      0 |   1 |  312.0 |
               +--------+--------+--------+--------+--------+-----+--------+

Top non-repeatable levels by time:
     D:6: 1395 daAuts
     D:4: 1380 daAuts
     D:5: 1150 daAuts
     D:3: 940 daAuts
     D:1: 467 daAuts
     D:7: 446 daAuts
     D:2: 336 daAuts
   Sewer: 312 daAuts
  Temple: 44 daAuts
     D:8: 3 daAuts
